 Dungeon Crawl Stone Soup version 0.18.1-6-gd335043 (webtiles) character file.

1899 mistymad the Skirmisher (level 9, -15/56 HPs)
             Began as a Gargoyle Fighter on May 20, 2016.
             Was a Priest of Okawaru.
             Demolished by an earth elemental (32 damage)
             ... summoned by a deep elf mage
             ... on level 10 of the Dungeon.
             The game lasted 00:15:17 (5512 turns).

mistymad the Skirmisher (Gargoyle Fighter)          Turns: 5512, Time: 00:15:17

Health: -15/56     AC: 14    Str: 20    XL:     9   Next: 15%
Magic:  9/9        EV: 10    Int:  9    God:    Okawaru [***...]
Gold:   271        SH: 10    Dex: 12    Spells: 0 memorised, 8 levels left

rFire  . . .     SeeInvis .     t - +0 mace (venom)
rCold  . . .     Gourm    .     b - +0 scale mail
rNeg   + . .     Faith    .     c - +0 shield
rPois  ∞         Spirit   .     e - +0 helmet
rElec  +         Dismiss  .     (no cloak)
rCorr  +         Reflect  .     (no gloves)
SustAt +         Harm     .     (no boots)
MR     .....     Rnd*Rage +     (no amulet)
Stlth  ..........               y - ring of sustain attributes
                                I - ring of resist corrosion

@: not resistant to hostile enchantments, extremely unstealthy
A: berserk 1, mutation resistance 1, negative energy resistance 1, electricity
resistance, wild magic 1, unbreathing, petrification resistance, rot immunity,
AC +5
a: Heroism, Renounce Religion


You were on level 10 of the Dungeon.
You worshipped Okawaru.
Okawaru was most pleased with you.
You were not hungry.

You visited 2 branches of the dungeon, and saw 9 of its levels.

You collected 271 gold pieces.

Inventory:

Hand Weapons
 t - a +0 mace of venom (weapon)
Armour
 b - a +0 scale mail (worn)
 c - a +0 shield (worn)
 e - a +0 helmet (worn)
Jewellery
 y - a ring of sustain attributes (right hand)
 I - a ring of resist corrosion (left hand)
Wands
 j - a wand of iceblast (9/15)
 C - a wand of polymorph (5/24)
 F - a wand of disintegration (12/24)
 H - a wand of paralysis (1/24)
Scrolls
 a - 3 scrolls of amnesia
 h - a scroll of remove curse
 l - 3 scrolls of random uselessness {unknown}
 m - a scroll of magic mapping {unknown}
 n - 6 scrolls of teleportation
 o - 3 scrolls of identify
 s - a scroll of fog {unknown}
 u - a scroll of immolation {unknown}
 D - a scroll of enchant armour {unknown}
Potions
 d - 2 potions of might
 g - 4 potions of mutation {unknown}
 i - 2 potions of lignification {unknown}
 k - 3 potions of curing {unknown}
 p - 2 potions of magic {unknown}
 q - 2 potions of agility {unknown}
 r - 2 potions of flight {unknown}
 v - 2 potions of heal wounds {unknown}
 x - 2 potions of invisibility {unknown}
 z - 2 potions of haste {unknown}
 E - a potion of ambrosia {unknown}
Comestibles
 f - 5 bread rations
 w - 3 meat rations
 B - a beef jerky


   Skills:
 + Level 6.6 Fighting
 + Level 5.4 Maces & Flails
 + Level 6.6 Armour
 + Level 4.2 Dodging
 + Level 6.4 Shields


You had 8 spell levels left.
You didn't know any spells.

Dungeon Overview and Level Annotations

Branches:
Dungeon (7/15)             Temple (1/1) D:4

Altars:
Ashenzari
Cheibriados
Elyvilon
Fedhas
Kikubaaqudgha
Makhleb
Nemelex Xobeh
Okawaru
Qazlal
Ru
Sif Muna
Vehumet
Xom
Yredelemnul
Zin
The Shining One

Shops:
D:7 (


Innate Abilities, Weirdness & Mutations

You are resistant to torment.
Your stone body is resilient (AC +5).
You are immune to poison.
You resist negative energy.
You are resistant to electric shocks.
You can survive without breathing.
You are immune to petrification.
You are immune to rotting.
You tend to lose your temper in combat.
You are somewhat resistant to further mutation.
Your spells are a little harder to cast, but a little more powerful.


Message History

You block the giant frog skeleton's attack.
The hound bites you but does no damage.
You closely miss the deep elf mage.
The deep elf mage is moderately wounded.
The jackal bites you but does no damage.
You block the hound's attack.
The deep elf mage hits you but does no damage.
The giant frog skeleton hits you. You block the jackal's attack.
The earth elemental hits you but does no damage.
The earth elemental hits you!! The hound closely misses you.
You closely miss the deep elf mage.
The deep elf mage is lightly wounded.
You block the giant frog skeleton's attack.
The deep elf mage barely misses you. You block the jackal's attack.
The hound bites you.
The earth elemental completely misses you.
The giant frog skeleton hits you but does no damage.
The earth elemental hits you!!
Ouch! That really hurt!
You die...

#.. ..#
##..#####..#####
................
................
.........)......
#...............
#.....EhZ.......
#...<.e@........
#.....hEE.......
................
................
####............
#..####......
#.. ...... #..
...... #. ......


You could see 3 earth elementals, a deep elf mage, a hound, a jackal and a giant
frog skeleton.

Vanquished Creatures
  Pikel (D:7)
  A water moccasin (D:7)
  A sky beast (D:6)
  A phantom (D:7)
  2 ogres
  2 centaurs (D:6)
  2 giant frogs (D:7)
  2 scorpions
  3 crimson imps
  2 giant frog zombies
  2 hounds
  An orc priest (D:3)
  2 orc wizards
  4 worker ants
  A worker ant zombie (D:6)
  8 adders
  An adder skeleton (D:4)
  4 worms
  2 dart slugs
  4 giant geckos
  26 orcs
  2 giant cockroaches
  3 goblins
  9 hobgoblins
  A jackal (D:10)
  2 quokkas
  2 ball pythons
  9 bats
  A giant cockroach zombie (D:5)
  A giant gecko skeleton (D:7)
  5 giant newts
  A jackal zombie (D:5)
  6 kobolds
  24 rats
138 creatures vanquished.

Vanquished Creatures (others)
  An orc warrior (D:6)
  An ogre (D:6)
  A scorpion (D:6)
  An adder (D:6)
  A giant newt (D:6)
5 creatures vanquished.

Grand Total: 143 creatures vanquished

Notes
Turn   | Place    | Note
--------------------------------------------------------------
     0 | D:1      | mistymad the Gargoyle Fighter began the quest for the Orb.
     0 | D:1      | Reached XP level 1. HP: 14/14 MP: 1/1
   147 | D:1      | Reached XP level 2. HP: 16/19 MP: 2/2
   721 | D:1      | Reached XP level 3. HP: 23/23 MP: 3/3
  1331 | D:2      | Reached skill level 1 in Dodging
  1424 | D:2      | Reached XP level 4. HP: 29/29 MP: 4/4
  1949 | D:3      | Reached XP level 5. HP: 32/33 MP: 5/5
  2326 | D:4      | Found a staircase to the Ecumenical Temple.
  2346 | Temple   | Entered the Ecumenical Temple
  2355 | Temple   | Became a worshipper of Warmaster Okawaru
  2551 | D:4      | Found a sparkling altar of Nemelex Xobeh.
  2964 | D:5      | Entered Level 5 of the Dungeon
  3046 | D:5      | Reached XP level 6. HP: 33/39 MP: 6/6
  3067 | D:5      | Found a blossoming altar of Fedhas.
  3894 | D:5      | Reached * piety under Okawaru
  3894 | D:5      | Reached XP level 7. HP: 24/44 MP: 7/7
  4148 | D:6      | Reached skill level 5 in Fighting
  4148 | D:6      | Reached skill level 5 in Armour
  4185 | D:6      | Reached skill level 5 in Shields
  4211 | D:6      | Reached XP level 8. HP: 44/50 MP: 8/8
  4216 | D:6      | Gained mutation: You tend to lose your temper in combat. [mutagenic meat]
  4217 | D:6      | Gained mutation: You are somewhat resistant to further mutation. [mutagenic meat]
  4219 | D:6      | Gained mutation: Your spells are a little harder to cast, but a little more powerful. [mutagenic meat]
  4634 | D:6      | Found a shimmering altar of Xom.
  4673 | D:6      | Reached ** piety under Okawaru
  4884 | D:7      | Found Hiptef's Weapon Shoppe.
  5299 | D:7      | Reached skill level 5 in Maces & Flails
  5330 | D:7      | Found an ancient bone altar of Kikubaaqudgha.
  5444 | D:7      | Noticed Pikel
  5464 | D:7      | Killed Pikel
  5464 | D:7      | Reached *** piety under Okawaru
  5464 | D:7      | Reached XP level 9. HP: 54/56 MP: 9/9
  5500 | D:7      | You fall through a shaft for 3 floors!
  5500 | D:10     | Entered Level 10 of the Dungeon
  5500 | D:10     | Noticed a deep elf mage
  5512 | D:10     | Demolished by an earth elemental

Skill      XL: |  1  2  3  4  5  6  7  8 |
---------------+-------------------------+-----
Dodging        | 1 2 3 4 |  4.2
Fighting       | 4 5 6 |  6.6
Armour         | 4 5 6 |  6.6
Shields        | 4 5 6 |  6.4
Maces & Flails | 3 4 5 |  5.4

Action                   |  1- 3 |  4- 6 |  7- 9 || total
-------------------------+-------+-------+-------++-------
Melee: Flail             |   232 |    14 |       ||   246
       Mace              |       |   218 |   199 ||   417
  Use: Scroll            |       |       |     6 ||     6
  Eat: Chunk             |     2 |     8 |    11 ||    21
Armor: Scale mail        |   153 |   100 |    92 ||   345
Dodge: Dodged            |   100 |    71 |    64 ||   235
Block: Shield            |   146 |    96 |   113 ||   355
